 Dungeon Crawl Stone Soup version 0.30.0-29-ga12c61a403 (webtiles) character file.

Game seed: 10920609372868128474

218166 qw the Peltast (level 19, -1/124 HPs)
             Began as a Gargoyle Fighter on June 3, 2023.
             Was a High Priest of Okawaru.
             Killed from afar by Frederick (35 damage)
             ... with an iron shot
             ... on level 2 of the Vaults.
             The game lasted 00:21:25 (34744 turns).

qw the Peltast (Gargoyle Fighter)                  Turns: 34744, Time: 00:21:25

Health: -1/124     AC: 64    Str: 26    XL:     19   Next: 10%
Magic:  20/26      EV: 21    Int: 11    God:    Okawaru [*****.]
Gold:   2639       SH: 29    Dex: 12    Spells: 18/18 levels left

rFire   . . .        Y - +8 broad axe (protect)
rCold   + . .        I - +2 tower shield
rNeg    + + .        u - +8 plate armour
rPois   inf          l - +2 helmet
rElec   +            p - +2 cloak
rCorr   .            G - +2 pair of gloves "Leymim" {rElec rC+ rN+ Dex+3}
SInv    .            m - +2 pair of boots
Will    +....        w - amulet of reflection Stlth
                     v - +5 ring of evasion
HPRegen 0.40/turn    n - +5 ring of evasion
MPRegen 0.20/turn

%: reflection
@: heroic, finesse-ful, marked, under a protective aura, flying
A: sickness immunity, AC +14, big wings, negative energy resistance 1,
electricity resistance, torment resistance 1, petrification resistance
}: 1/15 runes: barnacled
a: Renounce Religion, Heroism, Finesse, Duel


You were on level 2 of the Vaults.
You worshipped Okawaru.
Okawaru was extremely pleased with you.
You visited 7 branches of the dungeon, and saw 32 of its levels.

You collected 4691 gold pieces.
You spent 2052 gold pieces at shops.


Innate Abilities, Weirdness & Mutations

You are immune to sickness and miasma.
Your stone body is resilient. (AC +14)
You are immune to poison.
Your large and strong wings let you fly.
You resist negative energy. (rN+)
You are resistant to electric shocks. (rElec)
You are resistant to unholy torment.
You are immune to petrification.


   Skills:
 - Level 15.0(20.0) Fighting
 - Level 18.0(23.0) Axes
 - Level 7.7(12.7) Throwing
 - Level 15.0(20.0) Armour
 + Level 4.2(9.2) Dodging
 - Level 18.7(23.7) Shields
 - Level 10.0 Invocations


You had 18 spell levels left.
You didn't know any spells.
Your spell library was empty.

Inventory:

Hand Weapons
 Y - a +8 broad axe of protection (weapon)
Missiles
 a - 30 boomerangs
 b - 6 silver boomerangs (quivered)
 z - 6 javelins
 A - a boomerang of dispersal
Armour
 h - the +0 kite shield of Disguise {Fly rElec rCorr Int-5}
   (Okawaru gifted it to you on level 3 of the Lair of Beasts)

   Int:       It affects your intelligence (-5).
   rElec:     It insulates you from electricity.
   Fly:       It grants you flight.
   rCorr:     It protects you from acid and corrosion.
 l - a +2 helmet (worn)
 m - a +2 pair of boots (worn)
 p - a +2 cloak (worn)
 u - a +8 plate armour (worn)
 G - the +2 pair of gloves "Leymim" (worn) {rElec rC+ rN+ Dex+3}
   (You bought it in a shop on level 2 of the Shoals)

   Dex:       It affects your dexterity (+3).
   rC:        It protects you from cold.
   rElec:     It insulates you from electricity.
   rN:        It protects you from negative energy.
 I - a +2 tower shield (worn)
Jewellery
 c - a ring of resist corrosion
 e - a ring of fire
 n - a +5 ring of evasion (right hand)
 t - a ring of ice
 v - a +5 ring of evasion (left hand)
 w - an amulet of reflection (around neck)
 x - a ring of ice
 D - a ring of protection from fire
Wands
 y - a wand of digging (10)
Scrolls
 i - 15 scrolls of identify
 j - 10 scrolls of teleportation
Potions
 d - 5 potions of might
 f - 3 potions of attraction
 g - 5 potions of lignification
 k - 8 potions of curing
 o - 6 potions of heal wounds
 q - 2 potions of resistance
 r - 7 potions of haste
 s - 3 potions of cancellation
 B - 4 potions of mutation
 C - 4 potions of magic

Dungeon Overview and Level Annotations

Branches:
Dungeon (15/15)            Temple (1/1) D:6            Lair (5/5) D:9
 Shoals (4/4) Lair:2        Snake (3/4) Lair:3        Slime (0/5) Lair:4
    Orc (2/2) D:12            Elf (0/3) Orc:2        Vaults (2/5) D:13
 Depths (0/4) D:15
  Crypt: Vaults:2-3

Altars:
Ashenzari
Cheibriados
Dithmenos
Elyvilon
Fedhas
Gozag
Hepliaklqana
Kikubaaqudgha
Makhleb
Nemelex Xobeh
Okawaru
Qazlal
Ru
Sif Muna
Trog
Uskayaw
Vehumet
Wu Jian
Xom
Yredelemnul
Zin
The Shining One

Shops:
D:2 (   D:9 =   D:10 =   D:15 (   Orc:2 :?[:   Shoals:2 [   Shoals:3 ?
Vaults:1 [[[

Annotations:
D:2 1 runed translucent door, Crazy Yiuf
D:10 3 runed translucent doors
D:14 2 runed translucent doors
Shoals:1 1 runed translucent door
Snake:3 3 runed translucent doors, qw's ghost, adept GrFi
Vaults:2 Frederick


Message History

A lindwurm comes into view.
An ironbound convoker comes into view. It is wielding a +0 great mace.
An ironbound preserver comes into view. It is wielding a +0 great mace.
A yaktaur captain comes into view.
Found a glowing plate armour.
You slice Frederick!!
Frederick is heavily wounded.
You completely miss the vault sentinel. You slash Frederick!
Frederick is severely wounded.
You slash the vault sentinel! You barely miss Frederick.
Frederick is severely wounded.
You hit the vault sentinel.
Frederick points at you and mumbles some strange words.
The lance of force misses you. You block the vault sentinel's attack.
You barely miss Frederick.
Frederick is severely wounded.
You slice the ironbound convoker!! You miss the vault sentinel.
You slash Frederick!
Frederick is severely wounded.
You hit the vault sentinel.
You hit the ironbound convoker but do no damage.
Frederick points at you and mumbles some strange words.
The lance of force hits you but does no damage.
The vault sentinel blows a loud note on a signal horn!
You block the ironbound convoker's attack.
You slash Frederick!
Frederick is severely wounded.
You hit the vault sentinel.
You closely miss the ironbound convoker.
You slash Frederick!
Frederick is almost dead.
You hit the vault sentinel. You slash the ironbound convoker!
You barely miss Frederick.
Frederick is almost dead.
You slice the vault sentinel!! You hit the ironbound convoker.
Frederick points at you and mumbles some strange words.
The iron shot hits you!!
You die... ##.# #. .#.## ..# #..#..## ...#[..+...# .#.#. #..## #...# #.## ckp

##.#
###p####..#
#9@@).#...#
#...p#p..#....#
### ##.#######
###


You could see Frederick (strong), an ironbound preserver, a spellforged servitor
(summoned), a yaktaur captain, a vault sentinel (catching breath), a lindwurm
and 2 ironbound convokers.

Vanquished Creatures
  2 krakens
  Frances (D:12)
  Gastronok (Lair:1)
  Roxanne (Shoals:1)
  A nagaraja (Snake:2)
  6 vault wardens (Vaults:1)
  5 ironbound preservers (Vaults:1)
  2 orc warlords
  3 stone giants
  An ironbound thunderhulk (Vaults:1)
  Azrael (D:13)
  An entropy weaver (Vaults:1)
  8 merfolk impalers
  A fire dragon (D:13)
  3 merfolk javelineers (Shoals:4)
  2 great orbs of eyes (Vaults:1)
  Harold (Lair:1)
  3 vault guards (Vaults:1)
  2 hydras
  An ironbound frostheart (Vaults:1)
  3 boulder beetles
  8 centaur warriors
  3 merfolk aquamancers
  4 merfolk avatars
  4 catoblepae
  8 two-headed ogres
  5 alligator snapping turtles
  4 anacondas
  A satyr (Shoals:4)
  10 naga warriors
  A deep troll shaman (Lair:5)
  A tengu warrior (D:15)
  2 naga sharpshooters
  An orc high priest (Orc:2)
  8 shock serpents
  13 death yaks
  Sonja (Lair:5)
  A hell knight (D:15)
  A salamander mystic (Snake:3)
  Amaemon (Lair:2)
  7 skysharks
  13 deep trolls
  10 sea snakes
  2 phantasmal warriors (Vaults:1)
  5 ironbound convokers
  12 lindwurms
  A lindwurm (shapeshifter) (Vaults:1)
  A harpy (shapeshifter) (D:13)
  3 wizards
  A deep elf pyromancer (D:14)
  Pikel (D:8)
  14 ugly things
  13 harpies
  9 mana vipers
  20 manticores
  An orc knight (Orc:1)
  11 cyclopes
  An oklob plant (Lair:2)
  15 fauns
  8 salamanders
  25 elephants
  9 merfolk sirens
  10 water nymphs
  23 black mambas
  2 guardian serpents
  4 vault sentinels (Vaults:1)
  6 naga magi
  An orange demon (Lair:2)
  2 gargoyles
  2 unseen horrors (D:11)
  10 cane toads
  12 komodo dragons
  5 yaktaurs (Vaults:1)
  4 freezing wraiths
  9 rime drakes
  A tengu conjurer (D:15)
  An efreet (D:14)
  A kobold demonologist (D:12)
  25 merfolk
  2 harpy zombies (Shoals:4)
  5 trolls
  A hornet (D:9)
  2 polar bears
  20 blink frogs
  5 wind drakes
  17 dream sheep
  7 snapping turtles
  10 slime creatures
  4 wyverns
  2 shadows (D:10)
  15 water elementals
  2 vampires (D:12)
  61 yaks
  A golden eye (shapeshifter) (D:15)
  3 basilisks
  A fire elemental (D:13)
  A steam dragon (D:6)
  6 vampire mosquitoes
  Grum (D:8)
  5 wargs
  23 nagas
  2 acid dragons
  3 hell hounds (D:13)
  6 water moccasins
  A black bear (Lair:5)
  2 manticore zombies (Shoals:4)
  44 orc warriors
  A sky beast (D:7)
  7 ogres
  21 centaurs
  9 wolves
  2 phantoms (D:5)
  A kobold brigand (D:7)
  2 scorpions
  9 bullfrogs
  2 gnoll sergeants
  A wight (D:8)
  3 killer bees (D:7)
  A howler monkey (D:8)
  2 electric eels (Snake:1)
  9 jellies (Lair:4)
  18 orc priests
  8 hounds
  3 iguanas
  2 sleepcaps
  21 orc wizards
  5 adders
  25 gnolls
  A white imp (D:6)
  An ufetubus (D:5)
  A worm (D:3)
  3 dart slugs
  72 orcs
  13 endoplasms
  4 giant cockroaches
  6 goblins
  7 hobgoblins
  7 jackals
  2 quokkas
  9 ball pythons
  4 bats
  2 frilled lizards
  6 kobolds
  3 rats
  6 tentacles
977 creatures vanquished.

Vanquished Creatures (others)
  An ogre mage (D:11)
  A wizard (Vaults:1)
  An orc (Orc:2)
  14 tentacles
17 creatures vanquished.

Grand Total: 994 creatures vanquished

Notes
Turn   | Place    | Note
-------+----------+-------------------------------------------
     0 | D:1      | qw the Gargoyle Fighter began the quest for the Orb.
     0 | D:1      | Reached XP level 1. HP: 14/14 MP: 1/1
     0 | D:1      | 0 ||| qw: Version: 0.2-a-103-g5a998e5
     0 | D:1      | 0 ||| qw: Game counter: 991
     0 | D:1      | 0 ||| qw: Always use a shield: true
     0 | D:1      | 0 ||| qw: God list: Okawaru
     0 | D:1      | 0 ||| qw: Allow faded altars: false
     0 | D:1      | 0 ||| qw: Do Orc after D:15 true
     0 | D:1      | 0 ||| qw: Do second Lair branch before Depths: true
     0 | D:1      | 0 ||| qw: Lair rune preference: random
     0 | D:1      | 0 ||| qw: Plans: Normal, Zot:1-4, Slime:5, God:TSO, Crypt,
                  | Tomb, Pan, Hells, Abyss, Win
     0 | D:1      | 0 ||| PLANNING D:1-11
    22 | D:1      | 22 ||| Stepping ~*~*~tactically~*~*~ (stealth).
    23 | D:1      | 23 ||| Stepping ~*~*~tactically~*~*~ (stealth).
   209 | D:1      | Reached XP level 2. HP: 19/19 MP: 2/2
   431 | D:1      | 431 ||| Stepping ~*~*~tactically~*~*~ (stealth).
   481 | D:1      | 481 ||| Stepping ~*~*~tactically~*~*~ (stealth).
   486 | D:1      | Reached skill level 3 in Axes
   489 | D:1      | 489 ||| DROPPING +0 club.
   536 | D:1      | Reached XP level 3. HP: 13/23 MP: 3/3
   722 | D:1      | 722 ||| UPGRADING to +2 helmet.
   727 | D:1      | 727 ||| READING 3 scrolls labelled OFEENIODUE.
   728 | D:1      | 728 ||| READING scroll labelled QEAGEKI VIEDWA.
   729 | D:1      | 729 ||| READING scroll labelled LENAULADYW.
   730 | D:1      | 730 ||| READING 2 scrolls labelled VILUSARUYX.
   735 | D:1      | 735 ||| READING scroll labelled FUILUP GARI.
   736 | D:1      | 736 ||| READING scroll labelled DIPUUXA LYXO.
   737 | D:1      | 737 ||| DRINKING 3 green potions.
   738 | D:1      | 738 ||| DROPPING 2 scrolls of vulnerability.
   791 | D:2      | 791 ||| Stepping ~*~*~tactically~*~*~ (stealth).
   857 | D:2      | 857 ||| Stepping ~*~*~tactically~*~*~ (hiding).
   859 | D:2      | 859 ||| Stepping ~*~*~tactically~*~*~ (hiding).
  1042 | D:2      | 1042 ||| Stepping ~*~*~tactically~*~*~ (stealth).
  1170 | D:2      | 1170 ||| Stepping ~*~*~tactically~*~*~ (stealth).
  1172 | D:2      | 1172 ||| Stepping ~*~*~tactically~*~*~ (stealth).
  1207 | D:2      | Found a faded altar of an unknown god.
  1309 | D:2      | Found a runed translucent door.
  1310 | D:2      | Noticed Crazy Yiuf
  1459 | D:2      | Reached XP level 4. HP: 28/28 MP: 4/4
  1461 | D:2      | Found Zoguwn's Weapon Shoppe.
  1712 | D:2      | 1712 ||| UPGRADING to +6 ring of dexterity.
  1713 | D:2      | 1713 ||| UPGRADING to +5 ring of evasion.
  1714 | D:2      | 1714 ||| READING scroll labelled HYH NOAVUHOIM.
  1715 | D:2      | 1715 ||| READING scroll labelled JEURIODIBU.
  1854 | D:3      | 1854 ||| Stepping ~*~*~tactically~*~*~ (stealth).
  1855 | D:3      | 1855 ||| Stepping ~*~*~tactically~*~*~ (stealth).
  1857 | D:3      | 1857 ||| Stepping ~*~*~tactically~*~*~ (stealth).
  1858 | D:3      | 1858 ||| Stepping ~*~*~tactically~*~*~ (stealth).
  1912 | D:3      | Found a broken altar of Ashenzari.
  2009 | D:3      | Reached skill level 1 in Dodging
  2051 | D:3      | 2051 ||| DROPPING +0 whip.
  2151 | D:3      | Found a snail-covered altar of Cheibriados.
  2258 | D:3      | 2258 ||| UPGRADING to +1 pair of boots.
  2263 | D:3      | 2263 ||| READING scroll labelled IRICOECACE.
  2264 | D:3      | 2264 ||| DRINKING 2 bubbling green potions.
  2265 | D:3      | 2265 ||| DROPPING potion of invisibility.
  2298 | D:4      | Reached XP level 5. HP: 30/32 MP: 5/5
  2304 | D:4      | 2304 ||| Stepping ~*~*~tactically~*~*~ (hiding).
  2311 | D:4      | 2311 ||| STAIRDANCE
  2444 | D:4      | 2444 ||| Stepping ~*~*~tactically~*~*~ (stealth).
  2445 | D:4      | 2445 ||| Stepping ~*~*~tactically~*~*~ (stealth).
  2446 | D:4      | 2446 ||| Stepping ~*~*~tactically~*~*~ (stealth).
  2534 | D:4      | 2534 ||| Stepping ~*~*~tactically~*~*~ (stealth).
  2566 | D:4      | Reached XP level 6. HP: 38/38 MP: 6/6
  2730 | D:4      | 2730 ||| READING scroll of enchant armour.
  2730 | D:4      | 2730 ||| ENCHANTING +1 pair of boots.
  2936 | D:4      | 2936 ||| UPGRADING to +0 cloak.
  2941 | D:4      | 2941 ||| READING 3 scrolls of identify.
  2941 | D:4      | 2941 ||| IDENTIFYING sapphire potion
  2942 | D:4      | 2942 ||| DRINKING potion of experience.
  2942 | D:4      | Reached skill level 12 in Axes
  2942 | D:4      | Reached XP level 7. HP: 43/43 MP: 7/7
  2943 | D:4      | 2943 ||| READING 2 scrolls of identify.
  2943 | D:4      | 2943 ||| IDENTIFYING lumpy green potion
  2962 | D:5      | Entered Level 5 of the Dungeon
  3064 | D:5      | 3064 ||| Stepping ~*~*~tactically~*~*~ (stealth).
  3101 | D:5      | 3101 ||| Stepping ~*~*~tactically~*~*~ (hiding).
  3118 | D:5      | Reached XP level 8. HP: 39/49 MP: 8/8
  3140 | D:5      | 3140 ||| DRINKING potion of curing.
  3140 | D:5      | 3140 ||| (to cure confusion)
  3414 | D:5      | 3414 ||| FLEEEEING.
  3615 | D:5      | 3615 ||| Stepping ~*~*~tactically~*~*~ (hiding).
  3616 | D:5      | 3616 ||| Stepping ~*~*~tactically~*~*~ (hiding).
  3623 | D:5      | Reached skill level 6 in Fighting
  3741 | D:5      | 3741 ||| Stepping ~*~*~tactically~*~*~ (hiding).
  3819 | D:5      | 3819 ||| DRINKING 2 fizzy grey potions.
  3820 | D:5      | 3820 ||| READING 3 scrolls of identify.
  3820 | D:5      | 3820 ||| IDENTIFYING murky silvery potion
  3821 | D:5      | 3821 ||| READING 2 scrolls of identify.
  3821 | D:5      | 3821 ||| IDENTIFYING bubbling amethyst potion
  3822 | D:5      | 3822 ||| DROPPING potion of berserk rage.
  4329 | D:6      | Found a sacrificial altar of Ru.
  4344 | D:6      | Reached XP level 9. HP: 55/55 MP: 9/9
  4408 | D:6      | Found a staircase to the Ecumenical Temple.
  4409 | D:6      | 4409 ||| PLANNING TEMPLE
  4409 | D:6      | 4409 ||| READING scroll labelled MESEM GAELUPH.
  4415 | Temple   | Entered the Ecumenical Temple
  4508 | Temple   | 4508 ||| PLANNING OKAWARU WORSHIP
  4746 | Temple   | Became a worshipper of Warmaster Okawaru
  4746 | Temple   | 4746 ||| PLANNING D:1-11
  4783 | D:6      | Found a white marble altar of Elyvilon.
  4784 | D:6      | 4784 ||| Stepping ~*~*~tactically~*~*~ (cloud).
  4790 | D:6      | 4790 ||| Stepping ~*~*~tactically~*~*~ (hiding).
  4792 | D:6      | 4792 ||| Stepping ~*~*~tactically~*~*~ (cloud).
  5082 | D:6      | 5082 ||| UPGRADING to +0 pair of gloves.
  5135 | D:7      | Found a shadowy altar of Dithmenos.
  5223 | D:7      | 5223 ||| Stepping ~*~*~tactically~*~*~ (hiding).
  5224 | D:7      | 5224 ||| Stepping ~*~*~tactically~*~*~ (hiding).
  5415 | D:7      | Found a flagged portal.
  5417 | D:7      | 5417 ||| Stepping ~*~*~tactically~*~*~ (stealth).
  5418 | D:7      | 5418 ||| Stepping ~*~*~tactically~*~*~ (stealth).
  5514 | D:7      | 5514 ||| READING scroll of enchant armour.
  5514 | D:7      | 5514 ||| ENCHANTING +0 pair of gloves.
  5612 | D:7      | 5612 ||| Stepping ~*~*~tactically~*~*~ (hiding).
  5614 | D:7      | 5614 ||| Stepping ~*~*~tactically~*~*~ (hiding).
  5615 | D:7      | 5615 ||| Stepping ~*~*~tactically~*~*~ (hiding).
  5616 | D:7      | 5616 ||| Stepping ~*~*~tactically~*~*~ (hiding).
  5617 | D:7      | 5617 ||| Stepping ~*~*~tactically~*~*~ (hiding).
  5619 | D:7      | 5619 ||| Stepping ~*~*~tactically~*~*~ (hiding).
  5620 | D:7      | 5620 ||| Stepping ~*~*~tactically~*~*~ (hiding).
  5621 | D:7      | 5621 ||| Stepping ~*~*~tactically~*~*~ (hiding).
  5622 | D:7      | 5622 ||| Stepping ~*~*~tactically~*~*~ (hiding).
  5624 | D:7      | 5624 ||| Stepping ~*~*~tactically~*~*~ (hiding).
  5625 | D:7      | 5625 ||| Stepping ~*~*~tactically~*~*~ (hiding).
  5637 | D:7      | Reached * piety under Okawaru
  5702 | D:7      | 5702 ||| Stepping ~*~*~tactically~*~*~ (stealth).
  5709 | D:7      | 5709 ||| Stepping ~*~*~tactically~*~*~ (stealth).
  5715 | D:7      | 5715 ||| Stepping ~*~*~tactically~*~*~ (stealth).
  5716 | D:7      | 5716 ||| Stepping ~*~*~tactically~*~*~ (stealth).
  5763 | D:7      | Found an ornate altar of the Wu Jian Council.
  6150 | D:7      | 6150 ||| UPGRADING to +0 kite shield.
  6160 | D:7      | 6160 ||| DROPPING +0 buckler.
  6161 | D:7      | 6161 ||| UPGRADING to amulet of reflection.
  6166 | D:7      | 6166 ||| READING scroll labelled QUMOWIM IGUMAL.
  6167 | D:7      | 6167 ||| READING scroll labelled BONOUTTISHENN.
  6168 | D:7      | 6168 ||| READING 2 scrolls of identify.
  6168 | D:7      | 6168 ||| IDENTIFYING emerald potion
  6169 | D:7      | 6169 ||| DROPPING potion of degeneration.
  6216 | D:8      | Reached skill level 1 in Invocations
  6216 | D:8      | 6216 ||| INVOKING Heroism.
  6380 | D:8      | Noticed Grum
  6381 | D:8      | 6381 ||| Stepping ~*~*~tactically~*~*~ (hiding).
  6385 | D:8      | 6385 ||| INVOKING Heroism.
  6393 | D:8      | Killed Grum
  6398 | D:8      | Reached skill level 3 in Invocations
  6410 | D:8      | Reached XP level 10. HP: 57/63 MP: 10/12
  6447 | D:8      | 6447 ||| READING scroll of enchant armour.
  6447 | D:8      | 6447 ||| ENCHANTING +1 pair of gloves.
  6540 | D:8      | Reached ** piety under Okawaru
  6543 | D:8      | 6543 ||| Stepping ~*~*~tactically~*~*~ (stealth).
  6544 | D:8      | 6544 ||| Stepping ~*~*~tactically~*~*~ (stealth).
  6547 | D:8      | 6547 ||| Stepping ~*~*~tactically~*~*~ (stealth).
  6548 | D:8      | 6548 ||| Stepping ~*~*~tactically~*~*~ (stealth).
  6559 | D:8      | 6559 ||| INVOKING Heroism.
  6570 | D:8      | Reached skill level 6 in Shields
  6588 | D:8      | Reached *** piety under Okawaru
  6708 | D:8      | 6708 ||| Stepping ~*~*~tactically~*~*~ (stealth).
  6709 | D:8      | 6709 ||| Stepping ~*~*~tactically~*~*~ (hiding).
  6725 | D:8      | 6725 ||| DRINKING 2 potions of curing.
  6725 | D:8      | 6725 ||| (to cure confusion)
  6728 | D:8      | Noticed Pikel
  6750 | D:8      | Killed Pikel
  6784 | D:8      | 6784 ||| INVOKING Heroism.
  6790 | D:8      | Noticed a cyclops
  6793 | D:8      | 6793 ||| Stepping ~*~*~tactically~*~*~ (hiding).
  6798 | D:8      | 6798 ||| Stepping ~*~*~tactically~*~*~ (hiding).
  6807 | D:8      | Killed a cyclops
  6863 | D:8      | Noticed a centaur warrior
  6864 | D:8      | 6864 ||| Stepping ~*~*~tactically~*~*~ (hiding).
  6873 | D:8      | 6873 ||| INVOKING Heroism.
  6875 | D:8      | Killed a centaur warrior
  6876 | D:8      | Reached skill level 9 in Shields
  6876 | D:8      | Reached XP level 11. HP: 38/67 MP: 11/14
  7039 | D:8      | 7039 ||| UPGRADING to +0 plate armour.
  7049 | D:8      | 7049 ||| DROPPING +0 scale mail.
  7050 | D:8      | 7050 ||| READING scroll labelled AMAYZI PUACI.
  7151 | D:8      | 7151 ||| DRINKING 2 bubbling white potions.
  7210 | D:9      | Found a staircase to the Lair.
  7248 | D:9      | Found Micziuc's Jewellery Shop.
  7254 | D:9      | 7254 ||| SHOPLISTING +6 ring of strength (576 gold, have
                  | 436).
  7254 | D:9      | 7254 ||| BUYING ring of resist corrosion (320 gold).
  7254 | D:9      | Bought a ring of resist corrosion for 320 gold pieces
  7598 | D:9      | Reached **** piety under Okawaru
  7601 | D:9      | 7601 ||| INVOKING Heroism.
  7606 | D:9      | Reached skill level 6 in Armour
  8027 | D:9      | 8027 ||| PLANNING LAIR
  8027 | D:9      | 8027 ||| UPGRADING to ring of see invisible.
  8029 | D:9      | 8029 ||| READING scroll labelled GOCIRO HOWOU.
  8072 | D:9      | 8072 ||| DRINKING 3 coppery potions.
  8073 | D:9      | 8073 ||| READING 2 scrolls of identify.
  8073 | D:9      | 8073 ||| IDENTIFYING fizzy inky potion
  8074 | D:9      | 8074 ||| DROPPING 2 potions of flight.
  8108 | Lair:1   | Entered Level 1 of the Lair of Beasts
  8198 | Lair:1   | 8198 ||| INVOKING Heroism.
  8203 | Lair:1   | Reached skill level 1 in Throwing
  8334 | Lair:1   | 8334 ||| INVOKING Heroism.
  8384 | Lair:1   | 8384 ||| INVOKING Heroism.
  8391 | Lair:1   | 8391 ||| Stepping ~*~*~tactically~*~*~ (stealth).
  8392 | Lair:1   | 8392 ||| Stepping ~*~*~tactically~*~*~ (stealth).
  8394 | Lair:1   | Reached skill level 6 in Invocations
  8404 | Lair:1   | 8404 ||| INVOKING Heroism.
  8548 | Lair:1   | 8548 ||| Stepping ~*~*~tactically~*~*~ (stealth).
  8549 | Lair:1   | 8549 ||| INVOKING Heroism.
  8736 | Lair:1   | Noticed Gastronok
  8737 | Lair:1   | 8737 ||| INVOKING Heroism.
  8739 | Lair:1   | 8739 ||| Stepping ~*~*~tactically~*~*~ (hiding).
  8757 | Lair:1   | Killed Gastronok
  8962 | Lair:1   | Noticed Harold
  8963 | Lair:1   | 8963 ||| Stepping ~*~*~tactically~*~*~ (hiding).
  8967 | Lair:1   | 8967 ||| INVOKING Heroism.
  8987 | Lair:1   | Killed Harold
  9706 | Lair:2   | 9706 ||| STAIRDANCE
  9709 | Lair:1   | Reached XP level 12. HP: 67/73 MP: 17/17
  9834 | Lair:2   | Reached ***** piety under Okawaru
  9886 | Lair:2   | Found a stormy altar of Qazlal.
  9914 | Lair:2   | Found a staircase to the Shoals.
 10126 | Lair:2   | 10126 ||| INVOKING Heroism.
 10176 | Lair:2   | Noticed Amaemon
 10177 | Lair:2   | 10177 ||| INVOKING Heroism.
 10195 | Lair:2   | Reached skill level 3 in Throwing
 10198 | Lair:2   | HP: 18/73 [Amaemon/+0 demon whip of venom (3)]
 10199 | Lair:2   | 10199 ||| READING 7 scrolls of teleportation.
 10200 | Lair:2   | 10200 ||| DRINKING 3 potions of heal wounds.
 10202 | Lair:2   | Killed Amaemon
 10255 | Lair:2   | 10255 ||| Stepping ~*~*~tactically~*~*~ (hiding).
 10323 | Lair:2   | 10323 ||| DROPPING +0 morningstar.
 10463 | Lair:2   | 10463 ||| INVOKING Heroism.
 10464 | Lair:2   | 10464 ||| INVOKING Finesse.
 10474 | Lair:2   | Reached skill level 9 in Invocations
 10649 | Lair:2   | 10649 ||| UPGRADING to +2 cloak.
 10659 | Lair:2   | 10659 ||| DROPPING +0 cloak.
 10789 | Lair:3   | 10789 ||| INVOKING Heroism.
 10910 | Lair:3   | 10910 ||| Stepping ~*~*~tactically~*~*~ (stealth).
 10928 | Lair:3   | 10928 ||| INVOKING Heroism.
 10935 | Lair:3   | Reached skill level 9 in Fighting
 10938 | Lair:3   | Identified the +0 kite shield of Disguise {Fly rElec rCorr
                  | Int-5} (Okawaru gifted it to you on level 3 of the Lair of
                  | Beasts)
 10938 | Lair:3   | Received a gift from Okawaru
 10943 | Lair:3   | Reached skill level 9 in Armour
 11181 | Lair:3   | Identified the staff of cold "Geungom" {rElec rC+}
 11278 | Lair:3   | 11278 ||| Stepping ~*~*~tactically~*~*~ (stealth).
 11293 | Lair:3   | 11293 ||| INVOKING Heroism.
 11306 | Lair:3   | Reached XP level 13. HP: 42/80 MP: 18/20
 11538 | Lair:3   | Found a staircase to the Snake Pit.
 11539 | Lair:3   | 11539 ||| Stepping ~*~*~tactically~*~*~ (hiding).
 11634 | Lair:3   | 11634 ||| INVOKING Heroism.
 11673 | Lair:3   | 11673 ||| Stepping ~*~*~tactically~*~*~ (hiding).
 11674 | Lair:3   | 11674 ||| Stepping ~*~*~tactically~*~*~ (stealth).
 11678 | Lair:3   | 11678 ||| INVOKING Heroism.
 11832 | Lair:3   | 11832 ||| Stepping ~*~*~tactically~*~*~ (stealth).
 12135 | Lair:3   | 12135 ||| UPGRADING to +0 kite shield of Disguise {Fly
                  | rElec rCorr Int-5}.
 12145 | Lair:3   | 12145 ||| DROPPING +0 kite shield.
 12156 | Lair:4   | 12156 ||| INVOKING Heroism.
 12338 | Lair:4   | 12338 ||| Stepping ~*~*~tactically~*~*~ (hiding).
 12518 | Lair:4   | 12518 ||| INVOKING Heroism.
 12631 | Lair:4   | 12631 ||| Stepping ~*~*~tactically~*~*~ (stealth).
 12640 | Lair:4   | Found a staircase to the Slime Pits.
 12644 | Lair:4   | 12644 ||| Stepping ~*~*~tactically~*~*~ (stealth).
 12731 | Lair:4   | 12731 ||| Stepping ~*~*~tactically~*~*~ (stealth).
 12734 | Lair:4   | 12734 ||| Stepping ~*~*~tactically~*~*~ (stealth).
 12846 | Lair:4   | 12846 ||| Stepping ~*~*~tactically~*~*~ (stealth).
 12856 | Lair:4   | 12856 ||| INVOKING Heroism.
 12857 | Lair:4   | 12857 ||| INVOKING Finesse.
 12858 | Lair:4   | 12858 ||| INVOKING Finesse.
 13026 | Lair:4   | 13026 ||| INVOKING Heroism.
 13129 | Lair:4   | 13129 ||| INVOKING Heroism.
 13132 | Lair:4   | 13132 ||| SWAPPING to +0 demon whip of venom.
 13142 | Lair:4   | 13142 ||| SWAPPING to +0 war axe.
 13190 | Lair:4   | Found an ancient bone altar of Kikubaaqudgha.
 13659 | Lair:4   | 13659 ||| DROPPING +2 pair of gloves.
 13660 | Lair:4   | 13660 ||| DROPPING ring of positive energy.
 13686 | Lair:5   | Entered Level 5 of the Lair of Beasts
 13686 | Lair:5   | Noticed Sonja
 13687 | Lair:5   | 13687 ||| INVOKING Heroism.
 13699 | Lair:5   | HP: 20/82 [elephant (2)]
 13700 | Lair:5   | 13700 ||| READING 7 scrolls of teleportation.
 13701 | Lair:5   | 13701 ||| DRINKING 4 potions of heal wounds.
 13764 | Lair:5   | 13764 ||| INVOKING Heroism.
 13832 | Lair:5   | 13832 ||| Stepping ~*~*~tactically~*~*~ (hiding).
 13833 | Lair:5   | 13833 ||| INVOKING Heroism.
 13872 | Lair:5   | 13872 ||| Stepping ~*~*~tactically~*~*~ (stealth).
 13874 | Lair:5   | 13874 ||| Stepping ~*~*~tactically~*~*~ (stealth).
 13884 | Lair:5   | 13884 ||| INVOKING Heroism.
 13904 | Lair:5   | 13904 ||| INVOKING Heroism.
 13915 | Lair:5   | 13915 ||| Stepping ~*~*~tactically~*~*~ (stealth).
 13916 | Lair:5   | 13916 ||| Stepping ~*~*~tactically~*~*~ (stealth).
 13930 | Lair:5   | 13930 ||| Stepping ~*~*~tactically~*~*~ (stealth).
 13958 | Lair:5   | 13958 ||| INVOKING Heroism.
 14000 | Lair:5   | 14000 ||| INVOKING Heroism.
 14074 | Lair:5   | 14074 ||| Stepping ~*~*~tactically~*~*~ (stealth).
 14122 | Lair:5   | 14122 ||| Stepping ~*~*~tactically~*~*~ (hiding).
 14175 | Lair:5   | 14175 ||| Stepping ~*~*~tactically~*~*~ (stealth).
 14193 | Lair:5   | 14193 ||| INVOKING Heroism.
 14253 | Lair:5   | 14253 ||| INVOKING Finesse.
 14279 | Lair:5   | Gained mutation: Your large and strong wings let you fly.
                  | [Gargoyle growth]
 14279 | Lair:5   | Reached XP level 14. HP: 67/88 MP: 17/21
 14280 | Lair:5   | Killed Sonja
 14280 | Lair:5   | Received a gift from Okawaru
 14297 | Lair:5   | 14297 ||| INVOKING Heroism.
 14402 | Lair:5   | 14402 ||| READING scroll of enchant armour.
 14402 | Lair:5   | 14402 ||| ENCHANTING +0 plate armour.
 14583 | Lair:5   | 14583 ||| INVOKING Heroism.
 14614 | Lair:5   | 14614 ||| INVOKING Heroism.
 14671 | Lair:5   | 14671 ||| INVOKING Heroism.
 14680 | Lair:5   | Received a gift from Okawaru
 15060 | Lair:5   | 15060 ||| INVOKING Heroism.
 15080 | Lair:5   | 15080 ||| Stepping ~*~*~tactically~*~*~ (stealth).
 15118 | Lair:5   | 15118 ||| Stepping ~*~*~tactically~*~*~ (stealth).
 15119 | Lair:5   | 15119 ||| Stepping ~*~*~tactically~*~*~ (stealth).
 15127 | Lair:5   | 15127 ||| Stepping ~*~*~tactically~*~*~ (stealth).
 15129 | Lair:5   | 15129 ||| INVOKING Heroism.
 15148 | Lair:5   | 15148 ||| INVOKING Heroism.
 15158 | Lair:5   | Reached skill level 12 in Shields
 15163 | Lair:5   | HP: 21/90 [lindwurm/blast of flame (26)]
 15164 | Lair:5   | 15164 ||| READING 6 scrolls of teleportation.
 15165 | Lair:5   | 15165 ||| DRINKING 4 potions of heal wounds.
 15418 | Lair:5   | Received a gift from Okawaru
 15447 | Lair:5   | 15447 ||| Stepping ~*~*~tactically~*~*~ (stealth).
 15448 | Lair:5   | 15448 ||| Stepping ~*~*~tactically~*~*~ (stealth).
 15451 | Lair:5   | 15451 ||| INVOKING Heroism.
 15470 | Lair:5   | 15470 ||| INVOKING Heroism.
 15535 | Lair:5   | 15535 ||| Stepping ~*~*~tactically~*~*~ (hiding).
 15545 | Lair:5   | 15545 ||| INVOKING Heroism.
 15628 | Lair:5   | 15628 ||| INVOKING Heroism.
 15654 | Lair:5   | 15654 ||| READING scroll of enchant armour.
 15654 | Lair:5   | 15654 ||| ENCHANTING +1 plate armour.
 15718 | Lair:5   | 15718 ||| PLANNING D:1-11
 15718 | Lair:5   | 15718 ||| READING scroll labelled YBBURO CEAN.
 15719 | Lair:5   | 15719 ||| READING scroll labelled RULEPT BOTILET.
 15720 | Lair:5   | 15720 ||| READING 9 scrolls of identify.
 15720 | Lair:5   | 15720 ||| IDENTIFYING grey potion
 15721 | Lair:5   | 15721 ||| DROPPING potion of ambrosia.
 15865 | D:10     | Entered Level 10 of the Dungeon
 15874 | D:10     | 15874 ||| Stepping ~*~*~tactically~*~*~ (stealth).
 15944 | D:10     | 15944 ||| Stepping ~*~*~tactically~*~*~ (hiding).
 15946 | D:10     | 15946 ||| Stepping ~*~*~tactically~*~*~ (hiding).
 16264 | D:10     | Found a runed translucent gate.
 16264 | D:10     | Found a runed translucent gate.
 16266 | D:10     | Found a runed translucent gate.
 16283 | D:10     | Found Diqisen's Jewellery Emporium.
 16291 | D:10     | 16291 ||| SHOPLISTING +4 ring of slaying (1014 gold, have
                  | 651).
 16291 | D:10     | 16291 ||| BUYING +5 ring of evasion (468 gold).
 16291 | D:10     | Bought a +5 ring of evasion for 468 gold pieces
 16291 | D:10     | 16291 ||| SHOPLISTING ring of ice (325 gold, have 183).
 16356 | D:10     | Found a shimmering altar of Xom.
 16359 | D:10     | Found a hide-covered altar of Uskayaw.
 16362 | D:10     | Found a sparkling altar of Nemelex Xobeh.
 16365 | D:10     | Found a basalt altar of Yredelemnul.
 16547 | D:10     | 16547 ||| UPGRADING to +5 ring of evasion.
 16549 | D:10     | 16549 ||| DROPPING +6 ring of dexterity.
 16550 | D:10     | 16550 ||| DROPPING ring of see invisible.
 16551 | D:10     | 16551 ||| READING 8 scrolls of identify.
 16551 | D:10     | 16551 ||| IDENTIFYING bubbling dark potion
 16666 | D:11     | 16666 ||| Stepping ~*~*~tactically~*~*~ (hiding).
 16679 | D:11     | 16679 ||| INVOKING Heroism.
 16869 | D:11     | 16869 ||| Stepping randomly (disturbance).
 16955 | D:11     | Reached skill level 15 in Axes
 17041 | D:11     | 17041 ||| Stepping randomly (disturbance).
 17042 | D:11     | 17042 ||| Stepping randomly (disturbance).
 17044 | D:11     | 17044 ||| Stepping randomly (disturbance).
 17107 | D:11     | 17107 ||| Stepping ~*~*~tactically~*~*~ (hiding).
 17114 | D:11     | 17114 ||| Stepping ~*~*~tactically~*~*~ (hiding).
 17308 | D:11     | 17308 ||| INVOKING Heroism.
 17317 | D:11     | Received a gift from Okawaru
 17655 | D:11     | 17655 ||| PLANNING D
 17655 | D:11     | 17655 ||| READING 9 scrolls of identify.
 17655 | D:11     | 17655 ||| IDENTIFYING lumpy inky potion
 17656 | D:11     | 17656 ||| READING 8 scrolls of identify.
 17656 | D:11     | 17656 ||| IDENTIFYING inky potion
 17657 | D:11     | 17657 ||| DROPPING potion of brilliance.
 17691 | D:12     | Noticed Frances
 17692 | D:12     | 17692 ||| Stepping ~*~*~tactically~*~*~ (hiding).
 17694 | D:12     | 17694 ||| Stepping ~*~*~tactically~*~*~ (hiding).
 17695 | D:12     | 17695 ||| Stepping ~*~*~tactically~*~*~ (hiding).
 17696 | D:12     | 17696 ||| Stepping ~*~*~tactically~*~*~ (hiding).
 17697 | D:12     | 17697 ||| Stepping ~*~*~tactically~*~*~ (hiding).
 17698 | D:12     | 17698 ||| Stepping ~*~*~tactically~*~*~ (hiding).
 17700 | D:12     | 17700 ||| INVOKING Heroism.
 17723 | D:12     | Killed Frances
 17723 | D:12     | Received a gift from Okawaru
 17875 | D:12     | Found a staircase to the Orcish Mines.
 17974 | D:12     | Reached skill level 12 in Fighting
 18028 | D:12     | 18028 ||| Stepping ~*~*~tactically~*~*~ (stealth).
 18029 | D:12     | 18029 ||| Stepping ~*~*~tactically~*~*~ (stealth).
 18032 | D:12     | 18032 ||| Stepping ~*~*~tactically~*~*~ (stealth).
 18033 | D:12     | 18033 ||| Stepping ~*~*~tactically~*~*~ (stealth).
 18034 | D:12     | 18034 ||| Stepping ~*~*~tactically~*~*~ (stealth).
 18201 | D:12     | 18201 ||| INVOKING Heroism.
 18220 | D:12     | Reached XP level 15. HP: 84/96 MP: 22/22
 18483 | D:13     | Noticed Azrael
 18484 | D:13     | 18484 ||| INVOKING Heroism.
 18503 | D:13     | Killed Azrael
 18594 | D:13     | 18594 ||| Stepping ~*~*~tactically~*~*~ (stealth).
 18606 | D:13     | 18606 ||| INVOKING Heroism.
 18888 | D:13     | Reached skill level 12 in Armour
 19014 | D:13     | 19014 ||| INVOKING Heroism.
 19073 | D:13     | 19073 ||| Stepping ~*~*~tactically~*~*~ (hiding).
 19074 | D:13     | 19074 ||| Stepping ~*~*~tactically~*~*~ (stealth).
 19082 | D:13     | 19082 ||| Stepping ~*~*~tactically~*~*~ (hiding).
 19092 | D:13     | 19092 ||| Stepping ~*~*~tactically~*~*~ (hiding).
 19291 | D:13     | 19291 ||| INVOKING Heroism.
 19478 | D:13     | Found a gate to the Vaults.
 19609 | D:14     | 19609 ||| INVOKING Heroism.
 19657 | D:14     | 19657 ||| FLEEEEING.
 19764 | D:14     | 19764 ||| FLEEEEING.
 19765 | D:14     | 19765 ||| FLEEEEING.
 19766 | D:14     | 19766 ||| FLEEEEING.
 19771 | D:14     | 19771 ||| STAIRDANCE
 19867 | D:14     | 19867 ||| Stepping ~*~*~tactically~*~*~ (stealth).
 19910 | D:14     | 19910 ||| Stepping ~*~*~tactically~*~*~ (stealth).
 19913 | D:14     | You are sucked into a shaft and drop 1 floor!
 19913 | D:15     | Entered Level 15 of the Dungeon
 19930 | D:15     | 19930 ||| INVOKING Heroism.
 19940 | D:15     | Received a gift from Okawaru
 20019 | D:15     | Received a gift from Okawaru
 20064 | D:15     | Found a staircase to the Depths.
 20146 | D:14     | Received a gift from Okawaru
 20166 | D:14     | 20166 ||| Stepping ~*~*~tactically~*~*~ (stealth).
 20167 | D:14     | 20167 ||| Stepping ~*~*~tactically~*~*~ (stealth).
 20168 | D:14     | 20168 ||| Stepping ~*~*~tactically~*~*~ (stealth).
 20169 | D:14     | 20169 ||| Stepping ~*~*~tactically~*~*~ (stealth).
 20415 | D:14     | 20415 ||| Stepping ~*~*~tactically~*~*~ (hiding).
 20416 | D:14     | 20416 ||| Stepping ~*~*~tactically~*~*~ (hiding).
 20600 | D:14     | Found a runed translucent door.
 20601 | D:14     | Found the +2 shield of Resistance {rF++ rC++ Will++}
 20603 | D:14     | Found a runed translucent door.
 20775 | D:14     | 20775 ||| INVOKING Heroism.
 20894 | D:14     | 20894 ||| Stepping ~*~*~tactically~*~*~ (stealth).
 20914 | D:14     | Received a gift from Okawaru
 20917 | D:14     | 20917 ||| SWAPPING to +3 broad axe of electrocution.
 20918 | D:14     | 20918 ||| DROPPING +1 war axe.
 20922 | D:14     | 20922 ||| DROPPING +0 demon whip of venom.
 21061 | D:15     | Reached skill level 6 in Throwing
 21117 | D:15     | 21117 ||| Stepping ~*~*~tactically~*~*~ (hiding).
 21120 | D:15     | 21120 ||| Stepping ~*~*~tactically~*~*~ (hiding).
 21256 | D:15     | 21256 ||| Stepping ~*~*~tactically~*~*~ (hiding).
 21333 | D:15     | Reached skill level 3 in Dodging
 21391 | D:15     | Found a shimmering blue altar of Sif Muna.
 21396 | D:15     | 21396 ||| READING scroll of enchant armour.
 21396 | D:15     | 21396 ||| ENCHANTING +2 plate armour.
 21406 | D:15     | Found Erchaolu's Weapon Boutique.
 21444 | D:15     | 21444 ||| INVOKING Heroism.
 21445 | D:15     | 21445 ||| INVOKING Finesse.
 21447 | D:15     | 21447 ||| SWAPPING to +1 hand axe of flaming.
 21452 | D:15     | 21452 ||| SWAPPING to +3 broad axe of electrocution.
 21502 | D:15     | 21502 ||| DRINKING 9 potions of curing.
 21502 | D:15     | 21502 ||| (to cure confusion)
 21504 | D:15     | 21504 ||| DRINKING 8 potions of curing.
 21504 | D:15     | 21504 ||| (to cure confusion)
 21507 | D:15     | 21507 ||| DRINKING 7 potions of curing.
 21507 | D:15     | 21507 ||| (to cure confusion)
 21641 | D:15     | 21641 ||| PLANNING ORC
 21728 | Orc:1    | Entered Level 1 of the Orcish Mines
 21729 | Orc:1    | Noticed an orc warlord
 21730 | Orc:1    | 21730 ||| INVOKING Heroism.
 21751 | Orc:1    | Killed an orc warlord
 21833 | Orc:1    | 21833 ||| INVOKING Heroism.
 21923 | Orc:1    | 21923 ||| DROPPING +1 hand axe of flaming.
 22003 | Orc:1    | 22003 ||| Stepping ~*~*~tactically~*~*~ (hiding).
 22005 | Orc:1    | 22005 ||| Stepping ~*~*~tactically~*~*~ (hiding).
 22006 | Orc:1    | 22006 ||| Stepping ~*~*~tactically~*~*~ (hiding).
 22175 | Orc:2    | Entered Level 2 of the Orcish Mines
 22218 | Orc:2    | 22218 ||| FLEEEEING.
 22219 | Orc:2    | 22219 ||| FLEEEEING.
 22220 | Orc:2    | 22220 ||| Stepping ~*~*~tactically~*~*~ (hiding).
 22221 | Orc:2    | 22221 ||| Stepping ~*~*~tactically~*~*~ (hiding).
 22232 | Orc:2    | 22232 ||| Stepping ~*~*~tactically~*~*~ (stealth).
 22251 | Orc:2    | Found a staircase to the Elven Halls.
 22270 | Orc:2    | 22270 ||| Stepping ~*~*~tactically~*~*~ (stealth).
 22291 | Orc:2    | 22291 ||| FLEEEEING.
 22292 | Orc:2    | 22292 ||| FLEEEEING.
 22293 | Orc:2    | 22293 ||| FLEEEEING.
 22294 | Orc:2    | 22294 ||| FLEEEEING.
 22360 | Orc:2    | 22360 ||| INVOKING Heroism.
 22370 | Orc:2    | Received a gift from Okawaru
 22382 | Orc:2    | Reached XP level 16. HP: 56/101 MP: 23/23
 22409 | Orc:2    | HP: 21/101 [something/puff of flame (7)]
 22409 | Orc:2    | HP: 7/101 [orc warrior/bolt (14)]
 22410 | Orc:2    | 22410 ||| READING 5 scrolls of teleportation.
 22411 | Orc:2    | 22411 ||| DRINKING 4 potions of heal wounds.
 22412 | Orc:2    | 22412 ||| INVOKING Heroism.
 22497 | Orc:2    | 22497 ||| FLEEEEING.
 22499 | Orc:2    | 22499 ||| FLEEEEING.
 22500 | Orc:2    | 22500 ||| FLEEEEING.
 22501 | Orc:2    | 22501 ||| STAIRDANCE
 22673 | Orc:2    | 22673 ||| Stepping ~*~*~tactically~*~*~ (stealth).
 22675 | Orc:2    | 22675 ||| INVOKING Heroism.
 22681 | Orc:2    | 22681 ||| Stepping ~*~*~tactically~*~*~ (hiding).
 22682 | Orc:2    | 22682 ||| Stepping ~*~*~tactically~*~*~ (hiding).
 22683 | Orc:2    | 22683 ||| Stepping ~*~*~tactically~*~*~ (hiding).
 22684 | Orc:2    | 22684 ||| Stepping ~*~*~tactically~*~*~ (hiding).
 22807 | Orc:2    | 22807 ||| Stepping ~*~*~tactically~*~*~ (stealth).
 22811 | Orc:2    | 22811 ||| Stepping ~*~*~tactically~*~*~ (stealth).
 22877 | Orc:2    | 22877 ||| Stepping ~*~*~tactically~*~*~ (stealth).
 22880 | Orc:2    | 22880 ||| Stepping ~*~*~tactically~*~*~ (hiding).
 22885 | Orc:2    | 22885 ||| Stepping ~*~*~tactically~*~*~ (hiding).
 22889 | Orc:2    | 22889 ||| Stepping ~*~*~tactically~*~*~ (hiding).
 22890 | Orc:2    | 22890 ||| Stepping ~*~*~tactically~*~*~ (hiding).
 22891 | Orc:2    | 22891 ||| Stepping ~*~*~tactically~*~*~ (hiding).
 22911 | Orc:2    | 22911 ||| Stepping ~*~*~tactically~*~*~ (hiding).
 22912 | Orc:2    | 22912 ||| Stepping ~*~*~tactically~*~*~ (hiding).
 22913 | Orc:2    | 22913 ||| Stepping ~*~*~tactically~*~*~ (hiding).
 22926 | Orc:2    | 22926 ||| DRINKING 7 potions of curing.
 22926 | Orc:2    | 22926 ||| (to cure confusion)
 23000 | Orc:2    | 23000 ||| Stepping ~*~*~tactically~*~*~ (stealth).
 23038 | Orc:2    | Found Xeirr's Magic Scroll Shop.
 23038 | Orc:2    | Found Sivix's Armour Shoppe.
 23038 | Orc:2    | Found Hengiunk's Book Emporium.
 23041 | Orc:2    | Found Opiqobej's Book Boutique.
 23045 | Orc:2    | 23045 ||| BUYING 2 scrolls of enchant weapon (165 gold).
 23045 | Orc:2    | Bought 2 scrolls of enchant weapon for 165 gold pieces
 23045 | Orc:2    | 23045 ||| BUYING 2 scrolls of identify (44 gold).
 23045 | Orc:2    | Bought 2 scrolls of identify for 44 gold pieces
 23045 | Orc:2    | 23045 ||| BUYING scroll of teleportation (33 gold).
 23045 | Orc:2    | Bought a scroll of teleportation for 33 gold pieces
 23045 | Orc:2    | 23045 ||| READING 2 scrolls of enchant weapon.
 23045 | Orc:2    | 23045 ||| ENCHANTING +3 broad axe of electrocution.
 23046 | Orc:2    | 23046 ||| READING scroll of enchant weapon.
 23046 | Orc:2    | 23046 ||| ENCHANTING +4 broad axe of electrocution.
 23224 | Orc:2    | 23224 ||| Stepping ~*~*~tactically~*~*~ (stealth).
 23283 | Orc:2    | 23283 ||| PLANNING SHOALS:1-3
 23494 | Shoals:1 | Entered Level 1 of the Shoals
 23526 | Shoals:1 | You are sucked into a shaft and drop 1 floor!
 23529 | Shoals:2 | 23529 ||| Stepping ~*~*~tactically~*~*~ (hiding).
 23571 | Shoals:2 | Received a gift from Okawaru
 23578 | Shoals:2 | 23578 ||| INVOKING Heroism.
 23681 | Shoals:2 | 23681 ||| Stepping ~*~*~tactically~*~*~ (hiding).
 23683 | Shoals:2 | 23683 ||| Stepping ~*~*~tactically~*~*~ (hiding).
 23768 | Shoals:2 | 23768 ||| Stepping ~*~*~tactically~*~*~ (stealth).
 23770 | Shoals:2 | 23770 ||| Stepping ~*~*~tactically~*~*~ (stealth).
 23789 | Shoals:2 | 23789 ||| Stepping ~*~*~tactically~*~*~ (hiding).
 23843 | Shoals:2 | 23843 ||| INVOKING Heroism.
 23950 | Shoals:2 | 23950 ||| Stepping ~*~*~tactically~*~*~ (stealth).
 23951 | Shoals:2 | 23951 ||| Stepping ~*~*~tactically~*~*~ (stealth).
 23967 | Shoals:1 | 23967 ||| INVOKING Heroism.
 24027 | Shoals:1 | Noticed Roxanne
 24028 | Shoals:1 | 24028 ||| INVOKING Heroism.
 24047 | Shoals:1 | Killed Roxanne
 24079 | Shoals:1 | 24079 ||| INVOKING Heroism.
 24101 | Shoals:1 | 24101 ||| Stepping ~*~*~tactically~*~*~ (hiding).
 24565 | Shoals:1 | 24565 ||| INVOKING Heroism.
 24895 | Shoals:1 | Found a runed translucent door.
 25044 | Shoals:2 | 25044 ||| INVOKING Heroism.
 25047 | Shoals:2 | Received a gift from Okawaru
 25126 | Shoals:2 | 25126 ||| INVOKING Heroism.
 25260 | Shoals:2 | Received a gift from Okawaru
 25369 | Shoals:2 | 25369 ||| INVOKING Heroism.
 25385 | Shoals:2 | Found Mayst's Armour Emporium.
 25421 | Shoals:2 | 25421 ||| BUYING +2 pair of gloves "Leymim" {rElec rC+ rN+
                  | Dex+3} (644 gold).
 25421 | Shoals:2 | Bought the +2 pair of gloves "Leymim" {rElec rC+ rN+ Dex+3}
                  | for 644 gold pieces
 25421 | Shoals:2 | 25421 ||| SHOPLISTING +3 plate armour of fire resistance
                  | (630 gold, have 522).
 25436 | Shoals:2 | 25436 ||| READING scroll of enchant armour.
 25436 | Shoals:2 | 25436 ||| ENCHANTING +3 plate armour.
 25726 | Shoals:2 | 25726 ||| UPGRADING to +2 pair of gloves "Leymim" {rElec
                  | rC+ rN+ Dex+3}.
 25736 | Shoals:2 | 25736 ||| DROPPING +2 pair of gloves.
 25921 | Shoals:3 | 25921 ||| Stepping ~*~*~tactically~*~*~ (hiding).
 25922 | Shoals:3 | 25922 ||| Stepping ~*~*~tactically~*~*~ (hiding).
 25923 | Shoals:3 | 25923 ||| Stepping ~*~*~tactically~*~*~ (hiding).
 25924 | Shoals:3 | 25924 ||| Stepping ~*~*~tactically~*~*~ (hiding).
 25946 | Shoals:3 | Reached XP level 17. HP: 94/108 MP: 24/24
 25983 | Shoals:3 | 25983 ||| INVOKING Heroism.
 25989 | Shoals:3 | Reached skill level 18 in Axes
 26050 | Shoals:3 | 26050 ||| Stepping ~*~*~tactically~*~*~ (hiding).
 26129 | Shoals:3 | 26129 ||| Stepping ~*~*~tactically~*~*~ (hiding).
 26131 | Shoals:3 | 26131 ||| Stepping ~*~*~tactically~*~*~ (hiding).
 26252 | Shoals:3 | Noticed a kraken
 26268 | Shoals:3 | Killed a kraken
 26288 | Shoals:3 | 26288 ||| INVOKING Heroism.
 26335 | Shoals:3 | Identified the +4 chain mail of Red Mirth {+Blink}
 26425 | Shoals:3 | Found Botymm's Magic Scroll Shoppe.
 26438 | Shoals:3 | 26438 ||| BUYING scroll of enchant armour (135 gold).
 26438 | Shoals:3 | Bought a scroll of enchant armour for 135 gold pieces
 26438 | Shoals:3 | 26438 ||| BUYING scroll of enchant weapon (135 gold).
 26438 | Shoals:3 | Bought a scroll of enchant weapon for 135 gold pieces
 26438 | Shoals:3 | 26438 ||| BUYING scroll of teleportation (54 gold).
 26438 | Shoals:3 | Bought a scroll of teleportation for 54 gold pieces
 26438 | Shoals:3 | 26438 ||| BUYING scroll of teleportation (54 gold).
 26438 | Shoals:3 | Bought a scroll of teleportation for 54 gold pieces
 26438 | Shoals:3 | 26438 ||| READING scroll of enchant armour.
 26438 | Shoals:3 | 26438 ||| ENCHANTING +4 plate armour.
 26439 | Shoals:3 | 26439 ||| READING scroll of enchant weapon.
 26439 | Shoals:3 | 26439 ||| ENCHANTING +5 broad axe of electrocution.
 26446 | Shoals:3 | 26446 ||| INVOKING Heroism.
 26619 | Shoals:3 | 26619 ||| READING scroll of enchant weapon.
 26619 | Shoals:3 | 26619 ||| ENCHANTING +6 broad axe of electrocution.
 26697 | Shoals:3 | 26697 ||| INVOKING Heroism.
 26769 | Shoals:3 | 26769 ||| PLANNING SNAKE:1-3
 26891 | Snake:1  | Entered Level 1 of the Snake Pit
 26908 | Snake:1  | 26908 ||| FLEEEEING.
 26909 | Snake:1  | 26909 ||| FLEEEEING.
 26910 | Snake:1  | 26910 ||| FLEEEEING.
 26911 | Snake:1  | 26911 ||| FLEEEEING.
 26912 | Snake:1  | 26912 ||| FLEEEEING.
 26913 | Snake:1  | 26913 ||| STAIRDANCE
 27164 | Snake:1  | 27164 ||| Stepping ~*~*~tactically~*~*~ (hiding).
 27336 | Snake:1  | Received a gift from Okawaru
 27337 | Snake:1  | 27337 ||| Stepping ~*~*~tactically~*~*~ (hiding).
 27402 | Snake:1  | 27402 ||| Stepping ~*~*~tactically~*~*~ (hiding).
 27403 | Snake:1  | 27403 ||| Stepping ~*~*~tactically~*~*~ (hiding).
 27661 | Snake:1  | 27661 ||| INVOKING Heroism.
 27675 | Snake:1  | Received a gift from Okawaru
 28237 | Snake:1  | 28237 ||| Stepping ~*~*~tactically~*~*~ (hiding).
 28382 | Snake:1  | 28382 ||| DROPPING amulet of the acrobat.
 28383 | Snake:1  | 28383 ||| READING scroll labelled ONIUJAH GITYE.
 28496 | Snake:2  | 28496 ||| Stepping ~*~*~tactically~*~*~ (hiding).
 28497 | Snake:2  | 28497 ||| Stepping ~*~*~tactically~*~*~ (hiding).
 28531 | Snake:2  | 28531 ||| Stepping ~*~*~tactically~*~*~ (hiding).
 28540 | Snake:2  | Received a gift from Okawaru
 28806 | Snake:2  | 28806 ||| Stepping ~*~*~tactically~*~*~ (hiding).
 28832 | Snake:2  | Received a gift from Okawaru
 28847 | Snake:2  | 28847 ||| READING scroll of enchant armour.
 28847 | Snake:2  | 28847 ||| ENCHANTING +5 plate armour.
 29030 | Snake:2  | 29030 ||| INVOKING Heroism.
 29084 | Snake:2  | 29084 ||| Stepping ~*~*~tactically~*~*~ (stealth).
 29095 | Snake:2  | 29095 ||| Stepping ~*~*~tactically~*~*~ (stealth).
 29100 | Snake:2  | 29100 ||| Stepping ~*~*~tactically~*~*~ (hiding).
 29266 | Snake:2  | 29266 ||| UPGRADING to +0 tower shield.
 29276 | Snake:2  | 29276 ||| UPGRADING to +2 tower shield.
 29286 | Snake:2  | 29286 ||| DROPPING +0 tower shield.
 29322 | Snake:3  | 29322 ||| Stepping ~*~*~tactically~*~*~ (hiding).
 29324 | Snake:3  | 29324 ||| Stepping ~*~*~tactically~*~*~ (hiding).
 29335 | Snake:3  | 29335 ||| Stepping ~*~*~tactically~*~*~ (hiding).
 29338 | Snake:3  | 29338 ||| INVOKING Heroism.
 29443 | Snake:3  | 29443 ||| Stepping ~*~*~tactically~*~*~ (stealth).
 29445 | Snake:3  | 29445 ||| Stepping ~*~*~tactically~*~*~ (hiding).
 29546 | Snake:3  | Found a shimmering blue altar of Sif Muna.
 29894 | Snake:3  | Reached skill level 15 in Shields
 30051 | Snake:3  | 30051 ||| READING scroll of enchant weapon.
 30051 | Snake:3  | 30051 ||| ENCHANTING +7 broad axe of protection.
 30119 | Snake:3  | Found a runed translucent gate.
 30119 | Snake:3  | Found a runed translucent gate.
 30121 | Snake:3  | Found a runed translucent gate.
 30125 | Snake:3  | Noticed qw's ghost (adept GrFi)
 30184 | Snake:3  | 30184 ||| Stepping ~*~*~tactically~*~*~ (hiding).
 30187 | Snake:3  | 30187 ||| Stepping ~*~*~tactically~*~*~ (hiding).
 30202 | Snake:3  | Received a gift from Okawaru
 30211 | Snake:3  | 30211 ||| Stepping ~*~*~tactically~*~*~ (hiding).
 30610 | Snake:3  | 30610 ||| PLANNING SHOALS:4
 30854 | Shoals:4 | Entered Level 4 of the Shoals
 30871 | Shoals:4 | 30871 ||| Stepping ~*~*~tactically~*~*~ (hiding).
 30950 | Shoals:4 | 30950 ||| READING scroll of enchant armour.
 30950 | Shoals:4 | 30950 ||| ENCHANTING +6 plate armour.
 30964 | Shoals:4 | 30964 ||| Stepping ~*~*~tactically~*~*~ (hiding).
 30967 | Shoals:4 | 30967 ||| Stepping ~*~*~tactically~*~*~ (stealth).
 30968 | Shoals:4 | 30968 ||| Stepping ~*~*~tactically~*~*~ (hiding).
 30969 | Shoals:4 | 30969 ||| INVOKING Heroism.
 31037 | Shoals:4 | 31037 ||| INVOKING Heroism.
 31038 | Shoals:4 | 31038 ||| INVOKING Finesse.
 31054 | Shoals:4 | Reached XP level 18. HP: 116/116 MP: 18/25
 31073 | Shoals:4 | 31073 ||| DROPPING +0 war axe of flaming.
 31146 | Shoals:4 | 31146 ||| Stepping ~*~*~tactically~*~*~ (hiding).
 31166 | Shoals:4 | 31166 ||| Stepping ~*~*~tactically~*~*~ (hiding).
 31175 | Shoals:4 | 31175 ||| INVOKING Heroism.
 31176 | Shoals:4 | 31176 ||| INVOKING Finesse.
 31251 | Shoals:4 | 31251 ||| Stepping ~*~*~tactically~*~*~ (cloud).
 31253 | Shoals:4 | 31253 ||| Stepping ~*~*~tactically~*~*~ (cloud).
 31255 | Shoals:4 | 31255 ||| INVOKING Heroism.
 31256 | Shoals:4 | 31256 ||| INVOKING Finesse.
 31299 | Shoals:4 | 31299 ||| INVOKING Heroism.
 31356 | Shoals:4 | Got a barnacled rune of Zot
 31485 | Shoals:4 | 31485 ||| Stepping ~*~*~tactically~*~*~ (hiding).
 31486 | Shoals:4 | 31486 ||| Stepping ~*~*~tactically~*~*~ (hiding).
 31487 | Shoals:4 | 31487 ||| Stepping ~*~*~tactically~*~*~ (hiding).
 31614 | Shoals:4 | 31614 ||| Stepping ~*~*~tactically~*~*~ (hiding).
 31618 | Shoals:4 | 31618 ||| INVOKING Heroism.
 31688 | Shoals:4 | 31688 ||| Stepping ~*~*~tactically~*~*~ (stealth).
 31765 | Shoals:4 | 31765 ||| INVOKING Heroism.
 31767 | Shoals:4 | 31767 ||| Stepping ~*~*~tactically~*~*~ (hiding).
 31948 | Shoals:4 | 31948 ||| Stepping ~*~*~tactically~*~*~ (hiding).
 31952 | Shoals:4 | 31952 ||| INVOKING Heroism.
 32186 | Shoals:4 | 32186 ||| Stepping ~*~*~tactically~*~*~ (hiding).
 32188 | Shoals:4 | 32188 ||| Stepping ~*~*~tactically~*~*~ (hiding).
 32189 | Shoals:4 | 32189 ||| Stepping ~*~*~tactically~*~*~ (stealth).
 32190 | Shoals:4 | 32190 ||| INVOKING Heroism.
 32199 | Shoals:4 | 32199 ||| Stepping ~*~*~tactically~*~*~ (stealth).
 32252 | Shoals:4 | 32252 ||| PLANNING VAULTS:1-4
 32252 | Shoals:4 | 32252 ||| DROPPING +2 hat.
 32546 | Vaults:1 | Entered Level 1 of the Vaults
 32566 | Vaults:1 | 32566 ||| READING scroll of enchant armour.
 32566 | Vaults:1 | 32566 ||| ENCHANTING +7 plate armour.
 32593 | Vaults:1 | 32593 ||| FLEEEEING.
 32594 | Vaults:1 | 32594 ||| FLEEEEING.
 32595 | Vaults:1 | 32595 ||| FLEEEEING.
 32596 | Vaults:1 | 32596 ||| FLEEEEING.
 32597 | Vaults:1 | 32597 ||| FLEEEEING.
 32598 | Vaults:1 | 32598 ||| FLEEEEING.
 32599 | Vaults:1 | 32599 ||| FLEEEEING.
 32600 | Vaults:1 | 32600 ||| FLEEEEING.
 32604 | Vaults:1 | 32604 ||| FLEEEEING.
 32605 | Vaults:1 | 32605 ||| FLEEEEING.
 32606 | Vaults:1 | 32606 ||| FLEEEEING.
 32607 | Vaults:1 | 32607 ||| FLEEEEING.
 32608 | Vaults:1 | 32608 ||| FLEEEEING.
 32609 | Vaults:1 | 32609 ||| FLEEEEING.
 32610 | Vaults:1 | 32610 ||| FLEEEEING.
 32633 | Vaults:1 | Received a gift from Okawaru
 32643 | Vaults:1 | Reached skill level 18 in Shields
 32643 | Vaults:1 | 32643 ||| INVOKING Heroism.
 32643 | Vaults:1 | HP: 18/116 [lindwurm/blast of flame (39)]
 32644 | Vaults:1 | 32644 ||| READING 11 scrolls of teleportation.
 32645 | Vaults:1 | 32645 ||| DRINKING 7 potions of heal wounds.
 33169 | Vaults:1 | 33169 ||| Stepping ~*~*~tactically~*~*~ (hiding).
 33209 | Vaults:1 | Received a gift from Okawaru
 33210 | Vaults:1 | 33210 ||| INVOKING Finesse.
 33222 | Vaults:1 | Reached skill level 15 in Fighting
 33236 | Vaults:1 | Received a gift from Okawaru
 33477 | Vaults:1 | 33477 ||| Stepping ~*~*~tactically~*~*~ (stealth).
 33496 | Vaults:1 | 33496 ||| INVOKING Heroism.
 33746 | Vaults:1 | Found Gozag's Antique Armour Boutique.
 33748 | Vaults:1 | Found an opulent altar of Gozag.
 33749 | Vaults:1 | Found Gozag's Antique Armour Boutique.
 33750 | Vaults:1 | 33750 ||| INVOKING Heroism.
 33768 | Vaults:1 | Reached skill level 15 in Armour
 33773 | Vaults:1 | 33773 ||| Stepping ~*~*~tactically~*~*~ (stealth).
 33811 | Vaults:1 | Found Gozag's Antique Armour Shop.
 33818 | Vaults:1 | 33818 ||| INVOKING Heroism.
 33823 | Vaults:1 | Received a gift from Okawaru
 33837 | Vaults:1 | Reached XP level 19. HP: 70/124 MP: 26/26
 34337 | Vaults:1 | 34337 ||| Stepping ~*~*~tactically~*~*~ (stealth).
 34356 | Vaults:1 | Received a gift from Okawaru
 34725 | Vaults:2 | Noticed Frederick
 34726 | Vaults:2 | 34726 ||| INVOKING Heroism.
 34727 | Vaults:2 | 34727 ||| INVOKING Finesse.
 34744 | Vaults:2 | Killed from afar by Frederick

Levels and vault maps discovered:
D:1:      elethiomel_arrival_quiet, layout_basic, minmay_tiny_reverse_x
D:2:      layout_basic, dreamdust_ecumenical_altar_statues, serial_shops,
          nicolae_diamond_shop, minmay_hedge_maze, amcnicky_mini_pool_small,
          grunt_ministairs_5, uniq_crazy_yiuf_cottage
D:3:      layout_rooms, kennysheep_slug_shrine, nicolae_ashenzari_panopticon
D:4:      layout_cave_pools
D:5:      layout_loops_ring
D:6:      layout_gridville, nicolae_ru_awakened_eye, mainiacjoe_overflow_paths,
          minmay_temple_entry_statues_pillars, serial_co_window_serial,
          co_window_of_opportunity_a, co_window_paths_a, co_window_paths_b,
          co_window_cross_1, co_window_paths_a, co_window_paths_a,
          co_window_paths_a, co_window_broadway_c, co_window_cross_3,
          co_window_2corner, glass_columns_a, glass_columns_b, glass_columns_b
D:7:      layout_basic, pdpol_wu_jian_five_deadly_venoms,
          mainiacjoe_overflow_brackets, enter_bailey_2,
          kennysheep_decorative_pillar
D:8:      layout_cave_pools, minmay_manual_moon, uniq_pikel, uniq_grum
D:9:      layout_irregular_city, lair_entry_dummy, serial_shops, shop
D:10:     layout_cave_pools, grunt_temple_overflow_cloverleaf, serial_shops,
          nicolae_shop_pleasant_corner_grove,
          ploomutoo_gammafunk_ghost_potion_laboratory
D:11:     layout_roguey, chequers_serial_rivers_micro_e
D:12:     layout_small_grid, orc_0_dummy, uniq_frances
D:13:     layout_loops_ring, david_vaults_4, uniq_azrael
D:14:     layout_loops_ring, portal_ice_cave_entry_frozen_things,
          grunt_decor_cap, chequers_avenue, minmay_guarded_unrand_resistance
D:15:     hangedman_depths_entry_civil_slaughter, layout_small_grid,
          minivault_4, serial_shops, nicolae_shop_bloodbath_and_beyond,
          hangedman_abyss_or_decor_stabs, nicolae_sif_muna_condensation
Temple:   hc_temple_tempest_star
Lair:1:   layout_layer_cave, grunt_megastairs_2, uniq_gastronok, uniq_harold
Lair:2:   layout_loops_ring, elwin_shoals_entry_rooms, basic_altar, uniq_amaemon
Lair:3:   layout_regular_city, minmay_snake_entry_spellcaster,
          lemuel_fruit_tree, grunt_megastairs_3
Lair:4:   layout_cave_pods, minmay_slime_entry_jelly_boxes, basic_altar
Lair:5:   grunt_lair_end_beastmaster, layout_regular_city, lemuel_fruit_fields,
          uniq_sonja
Shoals:1: layout_shoals, abandoned_shop, lightli_airlock, uniq_roxanne
Shoals:2: layout_shoals, serial_shops, nicolae_shop_tiny_statue_garden
Shoals:3: layout_shoals, serial_shops, shop
Shoals:4: shoals_end_hangedman, layout_shoals, nicolae_shoals_undead_eyrie
Snake:1:  layout_basic, nicolae_triple_integral, grunt_megastairs_5,
          serial_bayou_shore_a
Snake:2:  layout_gridlike, nicolae_snake_mages_go_home
Snake:3:  layout_grid_maze, basic_altar, gammafunk_ghost_necromancy,
          serial_bayou_shore_b
Orc:1:    layout_caves
Orc:2:    st_orc_rangers, layout_caves, special_room
Vaults:1: kennysheep_vaults_gozag_temple, v_misc_3,
          nicolae_vaults_ninety_degrees, nicolae_vaults_diamond_2,
          nicolae_vaults_border_crossing, layout_vaults_quadrants
Vaults:2: nicolae_vaults_double_plus_2, v_pattern_1,
          nicolae_vaults_taking_the_gang_shopping, v_misc_30,
          vaults_dpeg_encased_lava, nicolae_vaults_network_barrier,
          nicolae_vaults_bisected_slash, ontoclasm_vaults_pinch,
          nicolae_vaults_double_plus_3, vaults_dpeg_ring,
          nicolae_vaults_turnstiles, nicolae_vaults_crenellated_ambush,
          vaults_mumra_chevron, nicolae_vaults_triangles,
          minmay_crypt_entry_simple_round, layout_vaults_omnibox, uniq_frederick

Skill      XL: |  1  2  3  4  5  6  7  8  9 10 11 12 13 14 15 16 17 18 |
---------------+-------------------------------------------------------+-----
Axes           | 2 3 4 5 12 14 15 16 17 18 | 18.0
Dodging        | 1 2 3 4 |  4.2
Fighting       | 4 5 6 7 8 9 10 12 13 14 15 | 15.0
Shields        | 4 5 9 10 11 12 13 15 18 | 18.7
Armour         | 4 7 9 10 11 12 13 14 15 | 15.0
Invocations    | 3 4 7 10 | 10.0
Throwing       | 2 3 4 5 7 |  7.7

Action                     |  1- 3 |  4- 6 |  7- 9 | 10-12 | 13-15 | 16-18 | 19-21 || total
---------------------------+-------+-------+-------+-------+-------+-------+-------++-------
  Melee: War axe           |   105 |   119 |   275 |   577 |  1252 |       |       ||  2328
         Demon whip        |       |       |       |       |     9 |       |       ||     9
         Broad axe         |       |       |       |       |   149 |  1427 |    50 ||  1626
         Hand axe          |       |       |       |       |     4 |       |       ||     4
  Throw: Javelin           |       |       |       |    41 |   140 |    93 |       ||   274
         Boomerang         |       |       |       |       |       |    49 |       ||    49
 Invoke: Heroism           |       |       |     2 |    17 |    41 |    31 |     1 ||    92
         Finesse           |       |       |       |     1 |     3 |     4 |     1 ||     9
    Use: Scroll            |     6 |     5 |     8 |     5 |    11 |    13 |       ||    48
         Potion            |     1 |     2 |     2 |     4 |     5 |     3 |       ||    17
   Stab: Petrified         |       |       |       |       |    23 |       |       ||    23
         Petrifying        |       |       |       |       |     1 |       |       ||     1
 Armour: Scale mail        |    51 |    51 |    83 |    31 |       |       |       ||   216
         Plate armour      |       |       |       |   241 |   537 |   421 |    22 ||  1221
  Dodge: Dodged            |    43 |    70 |   136 |   235 |   549 |   529 |    21 ||  1583
  Block: Buckler           |    17 |    32 |    39 |       |       |       |       ||    88
         Kite shield       |       |       |    48 |   503 |  1075 |   627 |       ||  2253
         Reflection        |       |       |       |     5 |    60 |   129 |       ||   194
         Tower shield      |       |       |       |       |       |   655 |    70 ||   725

Table legend:
 A = Non-vault XP
 B = Vault XP
 C = Vault XP percentage of total XP
 D = Non-vault monster count
 E = Vault monster count
 F = Vault count percentage of total count
                 A         B        C        D         E       F
            +---------+---------+-------+---------+---------+-------
      Total |  238108 |   86913 |  26.7 |     773 |     199 |  20.5
            +---------+---------+-------+---------+---------+-------
        D:1 |      44 |       3 |   6.4 |      18 |       2 |  10.0
        D:2 |      51 |      19 |  27.1 |      19 |       4 |  17.4
        D:3 |      50 |       4 |   7.4 |      13 |       1 |   7.1
        D:4 |     251 |       0 |   0.0 |      20 |       0 |   0.0
        D:5 |    1187 |       0 |   0.0 |      25 |       0 |   0.0
        D:6 |     563 |       0 |   0.0 |      10 |       0 |   0.0
        D:7 |     802 |       0 |   0.0 |      22 |       0 |   0.0
        D:8 |    3141 |    2814 |  47.3 |      23 |      11 |  32.4
        D:9 |    2404 |       0 |   0.0 |      15 |       0 |   0.0
       D:10 |    2252 |       0 |   0.0 |       8 |       0 |   0.0
       D:11 |    7969 |       0 |   0.0 |      29 |       0 |   0.0
       D:12 |    2965 |    1516 |  33.8 |      10 |       1 |   9.1
       D:13 |    4485 |    4897 |  52.2 |      15 |      10 |  40.0
       D:14 |   12274 |    1093 |   8.2 |      30 |       3 |   9.1
       D:15 |    6606 |    4407 |  40.0 |      13 |       6 |  31.6
     Lair:1 |    4412 |    3063 |  41.0 |      18 |       4 |  18.2
     Lair:2 |    3617 |    1180 |  24.6 |      10 |       2 |  16.7
     Lair:3 |    7995 |    3455 |  30.2 |      30 |       8 |  21.1
     Lair:4 |    8180 |     405 |   4.7 |      23 |      14 |  37.8
     Lair:5 |   17551 |   10409 |  37.2 |      42 |      20 |  32.3
   Shoals:1 |   11029 |    1393 |  11.2 |      21 |       1 |   4.5
   Shoals:2 |   28163 |       0 |   0.0 |      64 |       0 |   0.0
   Shoals:3 |   14652 |       0 |   0.0 |      29 |       0 |   0.0
   Shoals:4 |   16517 |   19928 |  54.7 |      32 |      37 |  53.6
    Snake:1 |   11833 |    1340 |  10.2 |      27 |       4 |  12.9
    Snake:2 |   11059 |    4942 |  30.9 |      20 |       8 |  28.6
    Snake:3 |   16955 |       0 |   0.0 |      35 |       0 |   0.0
      Orc:1 |    4791 |       0 |   0.0 |      40 |       0 |   0.0
      Orc:2 |    5611 |    5451 |  49.3 |      65 |      39 |  37.5
   Vaults:1 |   30699 |   19334 |  38.6 |      47 |      22 |  31.9
   Vaults:2 |       0 |    1260 | 100.0 |       0 |       2 | 100.0
            +---------+---------+-------+---------+---------+-------
